Map: Eternal Empire LE

Players

Astrea - Winner!

  • Race: Protoss Protoss
  • League: Master
  • Spawn Location: 7:00

MaSa

  • Race: Terran Terran
  • League: Master
  • Spawn Location: 1:00

Event: DreamHack SC2 Masters 2020 Fall

VOD

Have the link to the VOD?

Description

Time

  • Played on: Sept. 4, 2020, 5:43 p.m.
  • Length: 13:03

All games in this series

Show
View Real Time Build Order
Export as new Build Order

Astrea Protoss - Winner!

Build Orders: 1 Gate Expand 

Get SALT Encoding   

  12  0:00  Probe  
  13  0:12  Probe  
  14  0:17  Pylon  
  14  0:24  Probe (Chrono Boost)  
  15  0:36  Probe (Chrono Boost)  
  15  0:38  Gateway  
  16  0:45  Probe (Chrono Boost)  
  16  0:49  Assimilator  
  17  0:51  Probe  
  18  1:03  Probe  
  19  1:15  Probe  
  20  1:24  Cybernetics Core  
  20  1:34  Nexus  
  20  1:37  Probe  
  21  1:44  Pylon  
  21  1:49  Probe  
  22  1:54  Assimilator  
  22  1:58  Warp Gate (Chrono Boost)  
  22  1:59  Stalker (Chrono Boost)  
  22  2:07  Probe  
  25  2:19  Probe  
  25  2:22  Stalker  
  27  2:31  Probe  
  28  2:39  Gateway  
  28  2:41  Gateway  
  28  2:43  Probe  
  29  2:46  Probe  
  30  2:52  Sentry  
  30  2:55  Probe  
  30  2:58  Probe  
  34  3:07  Robotics Facility  
  34  3:08  Probe  
  34  3:10  Probe  
  36  3:18  Shield Battery, Pylon  
  36  3:20  Probe  
  36  3:23  Probe  
  38  3:34  Probe  
  38  3:37  Shield Battery  
  38  3:41  Stalker x2  
  43  3:46  Stalker  
  43  3:47  Probe  
  46  3:49  Probe  
  46  3:55  Pylon  
  46  3:59  Observer (Chrono Boost)  
  46  4:01  Probe x2  
  49  4:13  Probe x2  
  49  4:25  Probe x2  
  51  4:34  Stalker x3  
  51  4:37  Probe x2  
  59  4:40  Pylon  
  59  4:46  Observer (Chrono Boost)  
  59  4:49  Probe  
  59  4:50  Probe  
  59  4:51  Nexus  
  62  4:55  Pylon  
  62  5:01  Probe  
  62  5:02  Probe  
  62  5:05  Assimilator  
  62  5:07  Assimilator  
  62  5:11  Observer, Pylon  
  62  5:13  Probe  
  62  5:14  Stalker x2, Probe  
  66  5:25  Probe  
  66  5:26  Probe  
  68  5:37  Probe, Stalker  
  68  5:38  Probe (Chrono Boost), Pylon  
  70  5:50  Forge, Twilight Council, Probe x2 (Chrono Boost)  
  70  5:55  Sentry  
  73  5:57  Observer  
  73  5:59  Probe x2 (Chrono Boost)  
  76  6:04  Probe x2 (Chrono Boost)  
  76  6:05  Probe  
  76  6:08  Robotics Bay  
  76  6:11  Observer  
  79  6:16  Probe x2  
  79  6:17  Probe  
  80  6:18  Stalker x2  
  80  6:21  Protoss Ground Weapons Level 1 (Chrono Boost)  
  80  6:28  Probe  
  80  6:29  Probe x2  
  80  6:30  Blink (Chrono Boost)  
  83  6:40  Probe  
  83  6:41  Probe  
  83  6:42  Probe  
  86  6:52  Probe  
  86  6:53  Probe  
  86  6:54  Nexus, Probe  
  89  7:01  Extended Thermal Lance  
  89  7:04  Observer, Probe  
  89  7:05  Probe  
  89  7:06  Probe  
  89  7:07  Gateway  
  92  7:08  Forge  
  92  7:09  Gateway  
  92  7:16  Probe, Colossus (Chrono Boost)  
  92  7:17  Probe  
  92  7:18  Probe  
  92  7:19  Assimilator  
  92  7:21  Assimilator  
  101  7:28  Probe  
  101  7:29  Probe  
  103  7:30  Probe  
  103  7:36  Pylon  
  104  7:37  Protoss Ground Armor Level 1 (Chrono Boost)  
  104  7:39  Pylon  
  104  7:40  Gateway x2  
  104  7:41  Probe x2  
  104  7:42  Probe  
  104  7:44  Gateway  
  107  7:46  Observer  
  107  7:50  Gateway  
  107  7:53  Probe  
  107  7:56  Sentry x2  
  107  7:57  Probe  
  107  7:58  Probe  
  114  8:01  Colossus (Chrono Boost)  
  114  8:02  Photon Cannon  
  114  8:05  Probe  
  121  8:11  Pylon  
  121  8:13  Protoss Ground Weapons Level 2 (Chrono Boost)  
  121  8:17  Probe x2  
  122  8:21  Stalker  
  122  8:22  Stalker x4  
  132  8:27  Shield Battery  
  132  8:28  Pylon  
  132  8:42  Warp Prism (Chrono Boost)  
  132  8:46  Gateway  
  134  8:51  Nexus  
  134  8:53  Stalker x7  
  134  8:54  Observer  
  138  9:07  Observer  
  138  9:10  Pylon  
  138  9:11  Probe x4  
  148  9:17  Unknown  
  148  9:19  Pylon, Colossus  
  148  9:21  Zealot x4  
  156  9:25  Pylon  
  156  9:26  Pylon  
  156  9:29  Protoss Ground Armor Level 2 (Chrono Boost)  
  154  9:40  Zealot  
  154  9:41  Zealot x7  
  168  9:49  Gravitic Drive (Chrono Boost)  
  164  9:53  Dark Shrine  
  164  9:59  Zealot x2  
  150  10:04  Stalker  
  150  10:05  Stalker x7  
  152  10:17  Probe x2  
  152  10:18  Colossus (Chrono Boost)  
  144  10:25  Charge (Chrono Boost), Photon Cannon  
  150  10:30  Zealot x10  
  170  10:37  Photon Cannon, Probe x3  
  170  10:38  Shield Battery  
  158  11:04  Observer  
  158  11:05  Shadow Stride  
  158  11:06  Dark Templar x2  
  158  11:08  Colossus  
  158  11:10  Sentry  
  168  11:11  Zealot x7  
  168  11:15  Probe x3  
  168  11:16  Probe x2  
  187  11:21  Photon Cannon  
  187  11:22  Pylon  
  187  11:27  Probe  
  187  11:29  Pylon  
  187  11:32  Nexus  
  188  11:53  Robotics Facility  
  188  11:54  Robotics Facility  
  188  11:58  Photon Cannon  
  188  12:01  Pylon, Dark Templar x3, Stalker x3  
  196  12:14  Stalker x3  
  148  12:57  Stalker x9  
  148  12:58  Stalker  
Show
View Real Time Build Order
Export as new Build Order

MaSa Terran 

Build Orders: 1/1/1 

Get SALT Encoding   

  12  0:00  SCV  
  13  0:12  SCV  
  14  0:17  Supply Depot  
  14  0:24  SCV  
  15  0:39  Barracks  
  15  0:41  SCV  
  16  0:45  Refinery  
  16  0:53  SCV  
  16  0:55  Refinery  
  17  1:05  SCV  
  18  1:17  SCV  
  19  1:26  Marine  
  19  1:29  Orbital Command  
  20  1:36  Factory  
  20  1:44  Barracks Reactor  
  20  1:52  Supply Depot  
  20  1:56  SCV  
  22  2:08  SCV  
  22  2:20  SCV  
  23  2:23  Starport  
  23  2:26  Hellion x2  
  23  2:27  Supply Depot  
  27  2:33  SCV  
  28  2:45  SCV  
  28  2:48  Hellion  
  28  2:49  Hellion  
  33  2:53  Barracks Reactor  
  33  2:55  Supply Depot  
  33  3:00  Medivac  
  33  3:03  SCV  
  38  3:12  Widow Mine  
  38  3:15  SCV  
  38  3:17  Widow Mine  
  41  3:26  Armory  
  41  3:27  SCV  
  42  3:34  Starport Tech Lab  
  42  3:40  SCV  
  43  3:42  Widow Mine x2  
  47  3:56  Command Center  
  47  4:01  Supply Depot  
  47  4:10  SCV  
  46  4:21  Medivac  
  46  4:22  SCV  
  46  4:23  Widow Mine  
  49  4:28  Bunker  
  47  4:35  SCV  
  48  4:45  Widow Mine x2  
  52  4:47  SCV  
  52  4:52  Refinery  
  53  4:55  Raven  
  55  5:07  SCV  
  55  5:12  SCV  
  53  5:20  SCV  
  54  5:23  Command Center  
  54  5:25  Orbital Command  
  54  5:28  Barracks  
  52  5:32  SCV, Marine  
  52  5:34  Engineering Bay  
  52  5:35  Widow Mine  
  50  5:44  SCV, Marine  
  50  5:50  Barracks  
  50  5:56  SCV x2  
  52  5:59  Starport Reactor  
  52  6:00  Barracks  
  52  6:01  Terran Infantry Weapons Level 1  
  50  6:08  SCV  
  50  6:09  Marine x2  
  53  6:12  SCV  
  53  6:17  Refinery  
  54  6:20  SCV  
  54  6:25  Barracks Tech Lab  
  55  6:26  SCV  
  55  6:31  Factory Reactor, Marine x2  
  59  6:32  SCV  
  59  6:35  Orbital Command  
  59  6:37  Medivac x2  
  59  6:38  SCV, Barracks Reactor  
  64  6:40  Barracks  
  64  6:44  Stimpack  
  64  6:45  SCV  
  65  6:50  SCV  
  65  6:52  Marine x2  
  65  6:53  Marauder  
  70  6:56  Marauder  
  70  6:58  SCV  
  73  7:03  SCV  
  73  7:06  Orbital Command  
  78  7:08  Widow Mine x2  
  78  7:09  Medivac x2  
  78  7:10  SCV  
  78  7:11  Marine  
  78  7:13  Combat Shield  
  84  7:22  Supply Depot  
  84  7:24  SCV, Supply Depot  
  84  7:26  Marauder, SCV  
  88  7:32  Supply Depot, Marine x3  
  88  7:33  Barracks Tech Lab, Supply Depot  
  91  7:37  SCV  
  91  7:38  SCV  
  93  7:44  Widow Mine x2, SCV  
  98  7:53  Marine x3  
  98  7:54  Marauder, Concussive Shells  
  98  7:56  Marauder  
  105  8:00  Bunker  
  105  8:02  SCV x2, Supply Depot  
  105  8:03  SCV  
  108  8:10  Marauder  
  110  8:14  SCV  
  110  8:15  Marauder  
  110  8:17  SCV  
  108  8:21  Marine x3  
  108  8:22  Marauder  
  113  8:27  Marine  
  113  8:28  Medivac x2  
  113  8:30  SCV x2  
  113  8:31  Marauder  
  113  8:32  SCV  
  123  8:36  Widow Mine  
  123  8:37  Widow Mine, Marauder  
  123  8:40  Supply Depot  
  123  8:41  Supply Depot  
  127  8:43  Terran Infantry Armor Level 1  
  127  8:47  Engineering Bay  
  127  8:50  Marauder, Marine  
  115  9:03  Marauder x2, Marine x3  
  115  9:07  Marine  
  115  9:08  Medivac  
  115  9:09  Medivac  
  125  9:11  Marauder  
  127  9:17  Command Center  
  127  9:20  Terran Infantry Weapons Level 2  
  127  9:24  Terran Ship Weapons Level 1  
  127  9:26  Refinery x2  
  127  9:32  Marine x2  
  127  9:33  Marauder x2, Marine  
  127  9:34  Marine  
  135  9:42  Marauder  
  137  9:50  Medivac x2, Marine x3  
  137  9:52  Marine  
  139  9:54  Marauder x2  
  130  10:04  Marauder  
  130  10:05  SCV  
  125  10:08  Marine x3  
  125  10:10  Marine  
  125  10:13  Widow Mine x2  
  125  10:16  Marauder x2  
  125  10:20  Medivac x2  
  121  10:25  Marauder  
  121  10:26  Supply Depot  
  121  10:28  Barracks  
  123  10:29  Barracks  
  123  10:30  Barracks  
  123  10:31  Marine x4  
  123  10:34  Widow Mine x2  
  131  10:36  SCV x2  
  131  10:37  Marauder  
  135  10:44  Marauder  
  135  10:47  Marauder  
  135  10:49  Marine x3  
  134  10:50  Marine  
  134  10:56  Widow Mine  
  122  10:57  Medivac  
  122  10:58  Marauder  
  122  11:00  Medivac  
  122  11:02  SCV  
  122  11:03  Planetary Fortress  
  123  11:05  Marauder  
  123  11:07  Marine x3  
  123  11:08  Marauder  
  123  11:09  Widow Mine  
  132  11:15  SCV x2  
  132  11:16  Marine  
  132  11:17  Widow Mine  
  132  11:18  Barracks Tech Lab x2  
  137  11:20  Barracks Tech Lab  
  136  11:27  Viking  
  136  11:30  Viking  
  136  11:31  Marauder  
  136  11:32  Marauder x2  
  146  11:37  Marine x2  
  146  11:38  Marauder  
  147  11:45  Missile Turret  
  147  11:47  Missile Turret, Marauder x2  
  149  11:58  Viking  
  149  12:00  Viking  
  153  12:02  Missile Turret, Widow Mine  
  153  12:03  Widow Mine  
  153  12:06  Marine  
  153  12:07  Marauder  
  152  12:12  Marauder, Marine  
  152  12:14  SCV  
  144  12:19  Marine x2  
  144  12:20  Marauder  
  128  12:24  Widow Mine x2  
  128  12:26  Marauder  
  128  12:28  Viking  
  128  12:29  Marauder  
  126  12:31  SCV  
  126  12:34  Marine  

Tags
 
Add a new tag
Caveats
  • Supply blocks, unpowered buildings, or Contaminate may cause inaccurate times.
  • Supply counts are checked every 10 seconds.